 Dungeon Crawl Stone Soup version 0.18.1-48-g4cf74bf (webtiles) character file.

29 PossumBlood the Magician (level 3, -1/19 HPs)
             Began as a Deep Elf Wizard on Aug 17, 2016.
             Slain by a gnoll
             ... wielding a +0 spear
              (6 damage)
             ... on level 2 of the Dungeon.
             The game lasted 00:02:08 (826 turns).

PossumBlood the Magician (Deep Elf Wizard)           Turns: 826, Time: 00:02:08

Health: -1/19      AC:  2    Str:  4    XL:     3   Next: 1%
Magic:  0/11       EV:  7    Int: 23    God:
Gold:   37         SH:  0    Dex: 13    Spells: 1 memorised, 11 levels left

rFire  . . .     SeeInvis .     g - +0 dagger
rCold  + . .     Gourm    .     a - +0 robe
rNeg   . . .     Faith    .     (no shield)
rPois  .         Spirit   .     b - +0 hat
rElec  .         Dismiss  .     (no cloak)
rCorr  .         Reflect  .     (no gloves)
SustAt .         Harm     .     (no boots)
MR     .....     Clarity  +     (no amulet)
Stlth  ++........               (no ring)
                                j - ring of flight

@: very slightly contaminated, not resistant to hostile enchantments, unstealthy
A: beak, clarity, cold resistance 1
a: Evoke Flight


You were on level 2 of the Dungeon.
You were not hungry.

You visited 1 branch of the dungeon, and saw 2 of its levels.

You collected 37 gold pieces.

Inventory:

Hand Weapons
 g - a +0 dagger (weapon)
Armour
 a - a +0 robe (worn)
 b - a +0 hat (worn)
Jewellery
 j - a ring of flight (left hand)
Scrolls
 e - a scroll of immolation {unknown}
 k - a scroll of fear {unknown}
Potions
 f - a potion of heal wounds {unknown}
 h - a potion of mutation
 i - a potion of lignification {unknown}
Books
 c - a book of Minor Magic

   Spells                             Type                      Level
   a - Magic Dart                     Conjuration                  1
   b - Blink                          Translocation                2
   c - Call Imp                       Summoning                    2
   d - Repel Missiles                 Charms/Air                   2
   e - Slow                           Hexes                        2
   f - Conjure Flame                  Conjuration/Fire             3
   g - Mephitic Cloud                 Conjuration/Poison/Air       3
Comestibles
 d - a bread ration


   Skills:
 - Level 2.4 Dodging
 - Level 2.4 Stealth
 + Level 5.3 Spellcasting
 + Level 2.1 Conjurations
   Level 1.1 Summonings
   Level 1.1 Translocations


You had 11 spell levels left.
You knew the following spells:

 Your Spells              Type           Power        Failure   Level  Hunger
a - Magic Dart            Conj           ###.         3%          1    None


Dungeon Overview and Level Annotations

Branches:
Dungeon (2/15)

Altars:


Innate Abilities, Weirdness & Mutations

You have a beak for a mouth.
You possess an exceptional clarity of mind.
Your flesh is cold resistant.


Message History

Confirm with . or Enter, or press ? or * to list all spells.
You don't have enough magic to cast that spell. (Key replay stole keys) No previous command to re-do.
No previous command to re-do.
No previous command to re-do.
No previous command to re-do.
No previous command to re-do.
Drink which item? (? for menu, Esc to quit)
It was a potion of mutation.
You feel extremely strange.
Your thoughts seem clearer.
Your mouth lengthens and hardens into a beak!
You feel resistant to cold.
The gnoll hits you from afar with a spear.
The gnoll closely misses you.
There is a stone staircase leading up here.
The gnoll hits you with a club.
* * * LOW HITPOINT WARNING * * *
The gnoll hits you from afar with a spear.
You die...

.. #.### . #.#..
..####g#.#
[......#.# #
......g#.##.#
.......#@...#.#
......gg......#
......##........
..$.. #########
+###


You could see 2 gnolls.

Vanquished Creatures
  A gnoll (D:2)
  A giant gecko (D:1)
  A giant cockroach (D:1)
  2 goblins (D:1)
  3 hobgoblins (D:1)
  4 kobolds (D:1)
  2 bats (D:1)
  2 giant newts (D:1)
  2 rats (D:1)
18 creatures vanquished.

Notes
Turn   | Place    | Note
--------------------------------------------------------------
     0 | D:1      | PossumBlood the Deep Elf Wizard began the quest for the Orb.
     0 | D:1      | Reached XP level 1. HP: 10/10 MP: 7/7
   290 | D:1      | Reached XP level 2. HP: 13/15 MP: 5/9
   481 | D:1      | Reached skill level 5 in Spellcasting
   818 | D:2      | Reached XP level 3. HP: 19/19 MP: 4/11
   824 | D:2      | Gained mutation: You possess an exceptional clarity of mind. [potion of mutation]
   824 | D:2      | Gained mutation: You have a beak for a mouth. [potion of mutation]
   824 | D:2      | Gained mutation: Your flesh is cold resistant. [potion of mutation]
   826 | D:2      | Slain by a gnoll

Skill      XL: |  1  2 |
---------------+-------+-----
Spellcasting   | 5 |  5.3
Conjurations   | 2 |  2.1
Dodging        | |  2.4
Stealth        | |  2.4
Summonings     | |  1.1
Translocations | |  1.1

Action                   || total
-------------------------++-------
 Cast: Magic Dart        ||    40
  Use: Potion            ||     1
Dodge: Dodged            ||     7
